 Dungeon Crawl Stone Soup version 0.32-a0-938-g40ac7a0f4d (webtiles) character file.

Game seed: 6933472386028745197

1960 Autsider the Skirmisher (level 9, -9/67 (73) HPs)
             Began as a Formicid Hunter on Apr 15, 2024.
             Was a Believer of Okawaru.
             Mangled by a wight
             ... wielding a +0 flail
              (13 damage)
             ... on level 7 of the Dungeon.
             The game lasted 00:21:31 (5794 turns).

Autsider the Skirmisher (Formicid Hunter)           Turns: 5794, Time: 00:21:32

HP:   -9/67 (73)    AC:  3    Str: 21    XL:     9   Next: 42%
MP:   10/10         EV: 11    Int:  8    God:    Okawaru [**....]
Gold: 1231          SH:  0    Dex: 21    Spells: 8/8 levels left

rFire   . . .        a - +0 shortbow
rCold   . . .        (no shield)
rNeg    . . .        o - +1 robe of Makhleb's Vengeance {Regen+ Str+4}
rPois   .            (helmet unavailable)
rElec   .            (no cloak)
rCorr   .            (no gloves)
SInv    +            (no boots)
Will    .....        (no amulet)
Stlth   ++           (no ring)
HPRegen 1.11/turn    (no ring)
MPRegen 0.12/turn

%: no passive effects
@: lethally poisoned (-9 -> -10), drained
A: permanent stasis, dig shafts and tunnels, antennae 3, four strong arms
a: Dig, Shaft Self, Renounce Religion, Heroism


You were on level 7 of the Dungeon.
You worshipped Okawaru.
Okawaru was pleased with you.
You visited 2 branches of the dungeon, and saw 8 of its levels.
You also visited: Sewer and Ossuary.

You collected 1231 gold pieces.

Inventory:

Hand Weapons
 a - a +0 shortbow (weapon)
 C - a +1 trident of protection
 K - a +3 dagger
Missiles
 g - 39 poisoned darts
 h - 11 boomerangs
 l - 6 datura-tipped darts
 B - 3 javelins
 H - a curare-tipped dart
Armour
 c - a +0 leather armour
 o - the +1 robe of Makhleb's Vengeance (worn) {Regen+ Str+4}
   (You found it on level 2 of the Dungeon)

   Str+4:     It affects your strength (+4).
   Regen+:    It increases your rate of health regeneration.
 E - +0 steam dragon scales
Jewellery
 b - a ring of magical power
 J - a ring of protection from cold
Scrolls
 i - 4 scrolls of amnesia
 j - 4 scrolls of enchant armour
 k - a scroll of torment
 r - a scroll of poison
 t - 2 scrolls of noise
 v - a scroll of silence
 w - a scroll of immolation
 x - a scroll of summoning
 y - 2 scrolls of vulnerability
 z - a scroll of fog
 F - 2 scrolls of enchant weapon
Potions
 d - 2 potions of might {unknown}
 e - 5 potions of heal wounds {@q2}
 f - 4 potions of lignification {unknown}
 m - 4 potions of haste {unknown}
 n - 3 potions of mutation {unknown}
 p - a potion of attraction {unknown}
 q - a potion of ambrosia {unknown}
 s - 2 potions of brilliance {unknown}
 u - 3 potions of curing {unknown}
 A - a potion of enlightenment {unknown}
 D - a potion of berserk rage {unknown}
 G - a potion of degeneration {unknown}
 I - a potion of magic {unknown}


   Skills:
 + Level 7.6 Fighting
 * Level 10.3 Ranged Weapons
 - Level 1.7 Dodging
 - Level 1.2 Stealth
 + Level 1.8 Invocations


You had 8 spell levels left.
You didn't know any spells.
Your spell library contained the following spells:

 Spells                   Type           Power      Damage    Failure   Level
 Stone Arrow              Conj/Erth      0%         3d7       78%         3
 Lehudib's Crystal Spear  Conj/Erth      0%         10d2      100%        8
 Animate Armour           Summ/Erth      Unusable   N/A       N/A         4

Dungeon Overview and Level Annotations

Branches:
Dungeon (7/15)             Temple (1/1) D:4           Sewer (visited)
Ossuary (visited)

Altars:
Ashenzari
Dithmenos
Elyvilon
Fedhas
Gozag
Hepliaklqana
Kikubaaqudgha
Makhleb
Okawaru
Qazlal
Ru
Sif Muna
Trog
Uskayaw
Vehumet
Xom
Yredelemnul
Zin
The Shining One

Annotations:
D:1 water to explore
D:2 exclusion: 2 downstairs
D:3 Grinder
D:4 exclusions: downstairs and upstairs


Innate Abilities, Weirdness & Mutations

You cannot be hasted, slowed, berserked, paralysed or teleported.
You can dig through walls and to a lower floor.
You have a pair of large antennae on your head. (SInv)
Your four strong arms can wield two-handed weapons with a shield.


Message History

A wight comes into view. It is wielding a +0 flail.
The wight moves out of view.
A wight comes into view. It is wielding a +4 short sword.
The wight hits you with a +0 flail!
* * * LOW HITPOINT WARNING * * *
The wight attacks as it pursues you! The wight hits you with a +0 flail.
* * * LOW HITPOINT WARNING * * *
The wight attacks as it pursues you! The wight hits you with a +0 flail.
* * * LOW HITPOINT WARNING * * *
The wight hits you with a +0 flail!
* * * LOW HITPOINT WARNING * * *
You feel drained.
* * * LOW HITPOINT WARNING * * *
The wight attacks as it pursues you! The wight hits you with a +0 flail!
* * * LOW HITPOINT WARNING * * *
You feel drained.
* * * LOW HITPOINT WARNING * * *
The wight attacks as it pursues you! The wight barely misses you.
The wight attacks as it pursues you! The wight hits you with a +0 flail.
* * * LOW HITPOINT WARNING * * *
The wight attacks as it pursues you! The wight hits you with a +0 flail.
* * * LOW HITPOINT WARNING * * *
You feel drained.
* * * LOW HITPOINT WARNING * * *
The killer bee buzzes angrily.
The killer bee closely misses you.
You hear an angry buzzing noise.
The killer bee barely misses you.
The killer bee attacks as it pursues you!
The killer bee stings you.
* * * LOW HITPOINT WARNING * * *
The killer bee stings you.
* * * LOW HITPOINT WARNING * * *
You are poisoned.
The killer bee poisons you!
There is a stone staircase leading up here.
You feel sick. The killer bee stings you.
* * * LOW HITPOINT WARNING * * *
The killer bee closely misses you. The wight hits you with a +0 flail!
You die...

.##..###.#
#.####..##..##......#
.#.......#
#..##..####..>.....##
........### ##....##
##...###...
##........###..##..#
#.### #.#
####...##......###.##
##.# #.#
#..####..._.# #..#
#.## #.. ....#
##....####.###.# ##..
...#>#
#.#...###..#..# #..#
..###..
#.###.@z##....## #.##
.# .?#
##.yY..##..#####.#
...#
###.######..#.Y##
###.# #...# ##.....##
#. ..{..# ##..#..# ##
..###.# ##...##..
..## #. #......#. .
.. #..###.... #.#..#
##...


You could see an ice beast, a killer bee and a wight.

Vanquished Creatures
  Sigmund (D:4)
  A wraith (D:6)
  A steam dragon (D:6)
  A black bear (D:4)
  An orc warrior (D:4)
  A centaur (D:7)
  A phantom (D:5)
  2 kobold brigands
  3 scorpions
  A bullfrog (D:6)
  A killer bee (D:7)
  A jelly (D:7)
  3 orc priests
  3 hounds
  An iguana (D:4)
  4 orc wizards
  A crocodile skeleton (Sewer)
  8 mummies (Ossuary)
  3 gnolls (D:7)
  6 adders
  3 shadow imps
  3 ufetubi
  An adder zombie (Sewer)
  A ribbon worm (D:5)
  A dart slug (D:2)
  23 orcs
  8 bats
  8 endoplasms
  9 giant cockroaches
  3 gnoll zombies (Ossuary)
  8 goblins
  6 hobgoblins
  9 jackals
  5 quokkas
  4 ball pythons
  7 frilled lizards
  A giant cockroach zombie (Sewer)
  3 hobgoblin zombies (Ossuary)
  21 kobolds
  5 kobold zombies
  5 rats
178 creatures vanquished.

Notes
Turn   | Place    | Note
-------+----------+-------------------------------------------
     0 | D:1      | Autsider the Formicid Hunter began the quest for the Orb.
     0 | D:1      | Reached XP level 1. HP: 16/16 MP: 1/1
    41 | D:1      | Reached XP level 2. HP: 23/23 MP: 2/2
   233 | D:1      | Reached XP level 3. HP: 28/28 MP: 3/3
   683 | D:2      | Identified the +1 robe of Makhleb's Vengeance {Regen+
                  | Str+4}
   904 | D:2      | Reached XP level 4. HP: 35/35 MP: 4/4
   940 | D:2      | Reached skill level 5 in Ranged Weapons
  1481 | D:2      | Reached XP level 5. HP: 17/41 MP: 5/5
  1550 | D:3      | Found a hazy altar of Hepliaklqana.
  1551 | D:3      | Noticed Grinder
  2245 | D:3      | Reached skill level 6 in Ranged Weapons
  2245 | D:3      | Reached XP level 6. HP: 40/48 MP: 6/6
  2562 | D:4      | Noticed a black bear
  2588 | D:4      | Noticed an orc warrior
  2617 | D:4      | Killed a black bear
  2822 | D:4      | Reached XP level 7. HP: 55/55 MP: 7/7
  2958 | D:4      | Reached skill level 7 in Ranged Weapons
  3053 | D:4      | Noticed Sigmund
  3062 | D:4      | Killed Sigmund
  3063 | D:4      | Reached skill level 5 in Fighting
  3222 | D:4      | Found a staircase to the Ecumenical Temple.
  3232 | Temple   | Entered the Ecumenical Temple
  3249 | Temple   | Became a worshipper of Warmaster Okawaru
  3389 | D:4      | Reached XP level 8. HP: 8/64 MP: 8/8
  3544 | D:4      | Reached skill level 8 in Ranged Weapons
  3753 | D:5      | Entered Level 5 of the Dungeon
  3771 | D:5      | Found a sand-covered staircase.
  3812 | Ossuary  | Entered an ossuary
  4121 | D:5      | Reached * piety under Okawaru
  4213 | D:5      | Found a glowing drain.
  4227 | Sewer    | Entered a sewer
  4395 | Sewer    | Found an ancient bone altar of Kikubaaqudgha.
  4477 | Sewer    | Reached skill level 9 in Ranged Weapons
  4658 | D:5      | Identified the flux talisman "Uvviqobb" {rN+++ rCorr Int-4
                  | Dex-5}
  4795 | D:5      | Noticed a wyvern
  4997 | D:6      | Identified a scroll of acquirement
  4997 | D:6      | Acquired 677 gold pieces
  5043 | D:6      | Noticed a wraith
  5067 | D:6      | Killed a wraith
  5068 | D:6      | Reached XP level 9. HP: 46/72 MP: 9/9
  5319 | D:6      | Reached skill level 10 in Ranged Weapons
  5338 | D:6      | Found an ancient bone altar of Kikubaaqudgha.
  5498 | D:7      | Reached ** piety under Okawaru
  5542 | D:7      | Reached skill level 1 in Invocations
  5577 | D:7      | Found an opulent altar of Gozag.
  5794 | D:7      | Mangled by a wight

Illustrated notes

Levels and vault maps discovered:
D:1:      minmay_arrival_floating_metal, layout_rooms
D:2:      layout_basic
D:3:      layout_loops_ring, nicolae_overflow_crystal_walls, uniq_grinder
D:4:      layout_loops_cross, lemuel_temple_firewalk_b,
          hangedman_decor_clover_reticule, uniq_sigmund
D:5:      layout_rooms, gup_sewer_entry_bubbles, nicolae_ossuary_entry_ruins
D:6:      layout_rooms, kiku_gazebo_garden_becter,
          nicolae_concentric_dashed_squares_wild
D:7:      layout_layer_cave, nicolae_gozag_seed_capital, serial_shops,
          kennysheep_little_box
Temple:   eino_temple_scatter_basement

Skill      XL: |  1  2  3  4  5  6  7  8  9 |
---------------+----------------------------+-----
Fighting       | 3 4 5 7 |  7.6
Ranged Weapons | 5 6 7 9 10 | 10.3
Invocations    | 1 |  1.8
Dodging        | |  1.7
Stealth        | |  1.2

Action                     |  1- 3 |  4- 6 |  7- 9 || total
---------------------------+-------+-------+-------++-------
  Melee: Shortbow          |       |     8 |       ||     8
   Fire: Shortbow          |    96 |   231 |   482 ||   809
Ability: Dig               |       |       |     1 ||     1
    Use: Scroll            |       |     6 |    11 ||    17
 Armour: Leather armour    |    17 |       |       ||    17
         Robe              |    11 |   107 |   159 ||   277
  Dodge: Dodged            |    37 |    84 |   156 ||   277

Table legend: (Time is in decaauts)
 A = Elapsed time spent in this place.
 B = Non-inter-level travel time spent in this place.
 C = Inter-level travel time spent in this place.
 D = Time resting spent in this place.
 E = Time spent auto-exploring this place.
 F = Levels seen in this place.
 G = Mean time per level.
                   A        B        C        D        E       F      G
               +--------+--------+--------+--------+--------+-----+--------+
         Total |   5890 |   5525 |    365 |    379 |   3172 |  10 |  589.0 |
       Dungeon |   5177 |   4845 |    332 |    354 |   2931 |   7 |  739.6 |
        Temple |     34 |      1 |     33 |      0 |      0 |   1 |   34.0 |
         Sewer |    404 |    404 |      0 |      0 |    142 |   1 |  404.0 |
       Ossuary |    274 |    274 |      0 |     25 |     98 |   1 |  274.0 |
               +--------+--------+--------+--------+--------+-----+--------+

Top non-repeatable levels by time:
     D:4: 1230 daAuts
     D:3: 1050 daAuts
     D:2: 975 daAuts
     D:1: 624 daAuts
     D:6: 483 daAuts
     D:5: 451 daAuts
   Sewer: 404 daAuts
     D:7: 362 daAuts
 Ossuary: 274 daAuts
  Temple: 34 daAuts
